Map: 勒瑞萊克山巔

Players

lung

  • Race: Zerg Zerg
  • League: Master

瞬间全倒 - Winner!

  • Race: Protoss Protoss
  • League: Grandmaster

VOD

Have the link to the VOD?

Description

Time

  • Played on: Jan. 19, 2016, 8:20 a.m.
  • Length: 9:18
Show
View Real Time Build Order
Export as new Build Order

lung Zerg 

Build Orders: Pool First 

Get SALT Encoding   

  12  0:01  Drone  
  13  0:12  Overlord  
  13  0:18  Drone  
  14  0:31  Drone x2  
  16  0:37  Drone  
  17  0:47  Spawning Pool  
  16  0:50  Drone  
  17  1:11  Hatchery, Drone  
  16  1:15  Extractor  
  16  1:17  Drone  
  17  1:19  Drone  
  18  1:29  Drone  
  19  1:34  Queen  
  19  1:39  Overlord  
  21  1:51  Zergling x2  
  22  2:04  Drone  
  23  2:09  Queen  
  25  2:16  Metabolic Boost  
  25  2:18  Drone  
  26  2:26  Drone x2  
  28  2:36  Drone  
  29  2:39  Drone  
  29  2:43  Hatchery  
  29  2:46  Drone x3  
  29  2:51  Overlord  
  32  2:54  Drone  
  33  3:05  Drone x2  
  35  3:08  Drone  
  35  3:09  Queen  
  35  3:11  Overlord  
  38  3:20  Drone  
  38  3:24  Drone x5  
  39  3:42  Drone x4  
  39  3:48  Queen  
  42  3:51  Spore Crawler  
  43  3:55  Drone x2  
  43  3:58  Drone  
  43  3:59  Drone x3  
  44  4:09  Drone x2  
  41  4:18  Drone x2  
  41  4:19  Drone  
  41  4:23  Drone  
  41  4:24  Drone  
  46  4:28  Spore Crawler, Queen  
  46  4:35  Drone x7  
  51  4:45  Extractor  
  50  4:46  Overlord, Roach Warren  
  50  4:51  Overlord  
  49  4:59  Drone x6  
  57  5:00  Drone x2  
  54  5:17  Drone x2  
  54  5:18  Drone  
  54  5:20  Lair, Extractor  
  56  5:25  Drone x3  
  56  5:26  Drone x3  
  62  5:33  Extractor  
  61  5:37  Drone, Extractor  
  59  5:48  Overlord x2  
  59  5:49  Roach x5  
  69  5:56  Evolution Chamber  
  68  5:58  Drone x3  
  68  6:03  Drone  
  70  6:14  Drone x2  
  72  6:19  Drone x4  
  72  6:20  Spore Crawler  
  72  6:21  Zerg Missile Weapons Level 1  
  72  6:22  Extractor  
  75  6:25  Drone  
  75  6:26  Drone x3  
  78  6:33  Glial Reconstitution  
  78  6:36  Drone x2  
  78  6:38  Hydralisk Den  
  79  6:42  Drone  
  79  6:44  Drone x2  
  79  6:46  Spore Crawler  
  81  6:50  Hatchery, Drone  
  81  6:51  Drone x2  
  81  6:52  Overlord x3  
  81  6:53  Overlord x2  
  83  6:59  Spore Crawler  
  80  7:07  Hydralisk x8  
  89  7:18  Spore Crawler  
  89  7:19  Spore Crawler  
  89  7:21  Spore Crawler  
  86  7:24  Hydralisk x3  
  65  7:43  Hydralisk x4, Muscular Augments  
  73  7:59  Drone x3  
  73  8:01  Queen  
  72  8:19  Queen  
  74  8:20  Drone x2  
  74  8:26  Hydralisk x4  
  84  8:39  Spore Crawler  
  83  8:42  Hydralisk x4  
Show
View Real Time Build Order
Export as new Build Order

瞬间全倒 Protoss - Winner!

Build Orders: Oracle Opening 

Get SALT Encoding   

  12  0:01  Probe (Chrono Boost)  
  13  0:15  Pylon  
  13  0:18  Probe (Chrono Boost)  
  15  0:28  Probe (Chrono Boost)  
  15  0:34  Gateway  
  15  0:39  Probe (Chrono Boost)  
  16  0:44  Assimilator  
  16  0:49  Probe (Chrono Boost)  
  17  0:54  Assimilator  
  17  1:00  Probe (Chrono Boost)  
  18  1:10  Probe (Chrono Boost)  
  18  1:11  Pylon  
  19  1:21  Cybernetics Core  
  19  1:23  Probe (Chrono Boost)  
  20  1:29  Zealot  
  22  1:37  Probe (Chrono Boost)  
  23  1:47  Probe (Chrono Boost)  
  24  1:57  Stargate  
  24  1:58  Probe (Chrono Boost)  
  25  2:09  Mothership Core (Chrono Boost)  
  27  2:26  Nexus  
  27  2:30  Probe (Chrono Boost)  
  28  2:41  Oracle (Chrono Boost)  
  31  2:47  Pylon  
  31  2:56  Pylon  
  31  3:05  Probe  
  32  3:13  Oracle (Chrono Boost)  
  32  3:17  Probe  
  36  3:21  Forge  
  36  3:29  Probe  
  37  3:41  Probe  
  37  3:44  Oracle (Chrono Boost)  
  37  3:46  Probe  
  42  3:50  Assimilator  
  42  3:53  Probe  
  42  3:55  Warp Gate  
  43  4:05  Probe  
  44  4:11  Assimilator  
  44  4:15  Oracle (Chrono Boost)  
  47  4:18  Probe  
  47  4:21  Probe  
  47  4:23  Photon Cannon  
  49  4:28  Probe  
  50  4:37  Probe  
  51  4:39  Probe  
  52  4:46  Oracle (Chrono Boost)  
  52  4:49  Probe, Pylon  
  52  4:52  Probe  
  57  5:03  Probe  
  58  5:07  Probe  
  59  5:16  Stargate  
  59  5:17  Oracle (Chrono Boost)  
  59  5:19  Pylon  
  59  5:20  Probe  
  62  5:22  Stargate  
  62  5:27  Probe  
  64  5:30  Probe  
  65  5:39  Probe  
  66  5:46  Gateway  
  66  5:47  Pylon  
  66  5:49  Probe, Oracle (Chrono Boost)  
  70  6:09  Oracle x2 (Chrono Boost)  
  76  6:17  Probe x2  
  78  6:19  Gateway  
  78  6:21  Gateway  
  81  6:25  Oracle (Chrono Boost)  
  81  6:35  Probe  
  81  6:36  Gateway  
  81  6:38  Pylon  
  81  6:39  Pylon  
  82  6:45  Oracle (Chrono Boost)  
  82  6:46  Pylon  
  83  6:54  Photon Cannon  
  83  6:55  Pylon  
  80  7:12  Probe  
  80  7:13  Pylon  
  81  7:19  Oracle x2 (Chrono Boost)  
  90  7:24  Oracle (Chrono Boost)  
  90  7:28  Stalker  
  89  7:40  Adept x2  
  89  7:43  Probe  
  88  7:50  Oracle (Chrono Boost)  
  88  7:51  Stalker x2  
  95  7:55  Oracle (Chrono Boost)  
  98  8:09  Adept x3  
  104  8:12  Pylon  
  104  8:15  Adept  
  104  8:16  Adept  
  111  8:31  Oracle (Chrono Boost)  
  111  8:33  Stalker  
  113  8:35  Adept x3  
  119  9:05  Stalker x2  
  119  9:06  Stalker x3  
Tags
 
Add a new tag
Caveats
  • Supply blocks, unpowered buildings, or Contaminate may cause inaccurate times.
  • Supply counts are checked every 10 seconds.